 Dungeon Crawl Stone Soup version 0.24.0-125-gc4c63601f3 (webtiles) character file.

Game seed: 5793734563996560383, levelgen mode: deterministic

949 Martska the Poker (level 8, 0/61 HPs)
             Began as a Merfolk Ice Elementalist on Feb 25, 2020.
             Was a Follower of the Shining One.
             Slain by an ogre
             ... wielding a +0 giant club
              (16 damage)
             ... on level 6 of the Dungeon.
             The game lasted 00:18:18 (6102 turns).

Martska the Poker (Merfolk Ice Elementalist)        Turns: 6102, Time: 00:18:19

Health: 0/61       AC: 11    Str:  8    XL:     8   Next: 13%
Magic:  3/12       EV: 13    Int: 15    God:    the Shining One [*.....]
Gold:   212        SH:  7    Dex: 16    Spells: 5/13 levels left

rFire    x . .     SeeInvis +   s - +0 spear
rCold    + . .     Gourm    .   B - +0 buckler
rNeg     . . .     Faith    .   C - +0 leather armour
rPois    .         Spirit   .   (no helmet)
rElec    .         Reflect  +   q - +0 cloak
rCorr    .         Harm     .   d - +0 pair of gloves
MR       .....                  (no boots)
Stlth    +.........             t - +3 amulet of reflection
HPRegen  0.20/turn              n - ring of ice
MPRegen  0.13/turn              o - ring of see invisible

@: icy armour, about to teleport, glowing, drained
A: change form in water, swift swim, stealthy swim
a: Renounce Religion


You were on level 6 of the Dungeon.
You worshipped the Shining One.
The Shining One was aware of your devotion.
You were not hungry.

You visited 2 branches of the dungeon, and saw 7 of its levels.

You collected 306 gold pieces.
You spent 94 gold pieces at shops.

Inventory:

Hand Weapons
 e - a +0 whip
 s - a +0 spear (weapon)
 F - the +4 scimitar of Defence {slice, *Rage rN+ MR++ Int+2, unknown}
   (You found it on level 6 of the Dungeon)

   It inflicts extra damage upon your enemies.
   It affects your intelligence (+2).
   It protects you from negative energy.
   It affects your resistance to hostile enchantments.
   It may make you go berserk in combat.
Missiles
 u - 88 stones (quivered)
Armour
 a - a +0 robe
 d - a +0 pair of gloves (worn)
 q - a +0 cloak (worn)
 B - a +0 buckler (worn)
 C - a +0 leather armour (worn)
Jewellery
 b - an uncursed ring of fire
 m - an uncursed ring of stealth
 n - a ring of ice (left hand)
 o - a ring of see invisible (right hand)
 t - a +3 amulet of reflection (around neck)
Scrolls
 f - 3 scrolls of identify
 g - 2 scrolls of noise
 h - 2 scrolls of magic mapping
 i - 3 scrolls of remove curse
 r - a scroll of fog
 w - 2 scrolls of teleportation
 y - a scroll of enchant armour {unknown}
 D - a scroll of random uselessness {unknown}
 E - a scroll of amnesia {unknown}
Potions
 j - a potion of heal wounds
 k - 3 potions of curing
 l - a potion of ambrosia {unknown}
 p - a potion of resistance {unknown}
 v - a potion of agility {unknown}
 x - 2 potions of invisibility {unknown}
 z - 2 potions of magic
 A - a potion of haste {unknown}
Comestibles
 c - 2 rations


   Skills:
 * Level 4.5(3.5) Fighting
 * Level 5.0(3.9) Polearms
 + Level 1.5(0.6) Armour
 + Level 4.6(3.6) Dodging
 - Level 3.0(2.0) Stealth
 + Level 1.9(0.9) Shields
 - Level 3.0(2.0) Spellcasting
 - Level 0.7(0.0) Conjurations
 + Level 2.6(1.6) Charms
 + Level 4.5(3.4) Ice Magic
 + Level 2.0(1.0) Invocations


You had 5 spell levels left.
You knew the following spells:

 Your Spells              Type           Power        Failure   Level  Hunger
a - Freeze                Ice            ###.         12%         1    #......
b - Ozocubu's Armour      Chrm/Ice       ##......     45%         3    ###....
c - Throw Icicle          Conj/Ice       ##......     93%         4    #####..

Your spell library contained the following spells:

 Spells                   Type           Power        Failure   Level  Hunger
 Throw Frost              Conj/Ice       ##....       34%         2    ###....
 Confusing Touch          Hex            #.....       43%         1    #......
 Confuse                  Hex            #.......     80%         3    ###....
 Gell's Gravitas          Tloc           #.........   80%         3    ###....
 Summon Ice Beast         Ice/Summ       ##......     93%         4    #####..
 Petrify                  Tmut/Erth      #.......     99%         4    #####..
 Metabolic Englaciation   Hex/Ice        ##........   100%        5    ######.
 Yara's Violent Unravell  Hex/Tmut       #.........   100%        5    ######.


Dungeon Overview and Level Annotations

Branches:
Dungeon (6/15)             Temple (1/1) D:4

Altars:
Ashenzari
Cheibriados
Elyvilon
Fedhas
Gozag
Hepliaklqana
Kikubaaqudgha
Makhleb
Nemelex Xobeh
Okawaru
Qazlal
Ru
Uskayaw
Vehumet
Wu Jian
Xom
Yredelemnul
Zin
The Shining One

Shops:
D:4 [   D:6 (


Message History

The stone hits the orc but does no damage.
An ogre comes into view. It is wielding a +0 giant club.
The ogre shouts!
A worker ant comes into view.
Your magical contamination has completely faded away.
You open the door.
A crimson imp comes into view. It is wielding a +3 dagger of chaos.
The crimson imp shouts!
Found a shimmering altar of Xom and a burning altar of Makhleb.
As you read the scroll of teleportation, it crumbles to dust.
You feel strangely unstable. The ogre barely misses you.
Casting: Ozocubu's Armour (slightly dangerous; 45% risk of failure)
Confirm with . or Enter, or press ? or * to list all spells.
You feel a surge of power! A film of ice covers your body!
The crimson imp hits you but does no damage.
The ogre hits you with a +0 giant club!
* * * LOW HITPOINT WARNING * * *
You barely miss the crimson imp.
The crimson imp blinks!
The ogre hits you with a +0 giant club!
You die...

.##....#####.###.###
Zoo.#........###.##
z##.......#####...####.
.###.####.# #.#......#
F#
#.####.#####...######
z# #.............## .#
##.###..#####o# z# #.#
#..#_..#O# .# #.#
#..#.5.ยง@# .#
#.###..#_..###
.####.##...#####
.....>...........
#####.##.....####
#.###...## #.####.##
#....#.# ####.#.#


You could see an ogre, a crimson imp and an orc.

Vanquished Creatures
  Menkaure (D:5)
  A sky beast (D:6)
  An ice beast (D:5)
  An orc warrior (D:6)
  Blork the orc (D:4)
  A scorpion (D:5)
  A wight (D:6)
  A howler monkey (D:3)
  A jelly (D:6)
  A bullfrog skeleton (D:4)
  An orc priest (D:4)
  2 orc wizards (D:4)
  An iguana (D:4)
  A worker ant (D:3)
  8 adders
  2 oozes
  An adder zombie (D:5)
  A worm (D:2)
  2 dart slugs
  3 leopard geckos
  7 orcs
  4 giant cockroaches
  7 goblins
  6 hobgoblins
  4 jackals (D:2)
  A quokka (D:3)
  A ball python (D:4)
  7 bats
  5 frilled lizards
  7 kobolds
  A quokka skeleton (D:4)
  A quokka zombie (D:5)
  2 rats
85 creatures vanquished.

Notes
Turn   | Place    | Note
-------+----------+-------------------------------------------
     0 | D:1      | Martska the Merfolk Ice Elementalist began the quest for
                  | the Orb.
     0 | D:1      | Reached XP level 1. HP: 13/13 MP: 3/3
   461 | D:1      | Reached skill level 1 in Fighting
   461 | D:1      | Reached XP level 2. HP: 21/21 MP: 0/5
   909 | D:2      | Reached XP level 3. HP: 15/26 MP: 0/6
  1249 | D:2      | Learned a level 3 spell: Ozocubu's Armour
  1509 | D:2      | Found a stormy altar of Qazlal.
  1683 | D:2      | Reached XP level 4. HP: 15/33 MP: 1/7
  1985 | D:3      | Reached skill level 1 in Polearms
  1985 | D:3      | Reached skill level 1 in Charms
  2154 | D:3      | Reached XP level 5. HP: 34/39 MP: 2/8
  2500 | D:4      | Noticed Blork the orc
  2773 | D:4      | Found a staircase to the Ecumenical Temple.
  2796 | Temple   | Entered the Ecumenical Temple
  2911 | D:4      | Reached skill level 2 in Polearms
  2958 | D:4      | Found Qaumuceb's Antique Armour Emporium.
  2966 | D:4      | Bought a buckler for 94 gold pieces
  3295 | D:4      | Reached XP level 6. HP: 40/47 MP: 4/10
  3397 | D:4      | Killed Blork the orc
  3397 | D:4      | Reached skill level 3 in Polearms
  3748 | D:5      | Entered Level 5 of the Dungeon
  3748 | D:5      | Noticed an ice beast
  3760 | D:5      | Found a glowing golden altar of the Shining One.
  3765 | D:5      | Became a worshipper of the Shining One
  3818 | D:5      | Killed an ice beast
  3818 | D:5      | Reached skill level 1 in Armour
  3868 | D:5      | Noticed Menkaure
  3882 | D:4      | Reached skill level 1 in Shields
  3882 | D:4      | Reached XP level 7. HP: 15/52 MP: 2/11
  4157 | D:4      | Learned a level 4 spell: Throw Icicle
  4727 | D:5      | Reached skill level 1 in Invocations
  5204 | D:6      | Found Vaxokk's Antique Weapon Shop.
  5373 | D:5      | Killed Menkaure
  5373 | D:5      | Reached skill level 4 in Polearms
  5966 | D:6      | Got a smoking scimitar
  5982 | D:6      | Reached * piety under the Shining One
  6030 | D:6      | Reached XP level 8. HP: 53/61 MP: 0/12
  6051 | D:6      | Reached skill level 5 in Polearms
  6099 | D:6      | Found a shimmering altar of Xom.
  6099 | D:6      | Found a burning altar of Makhleb.
  6102 | D:6      | Slain by an ogre

Levels and vault maps discovered:
D:1:      dpeg_arrival_stonehenge_8_columns, layout_basic
D:2:      layout_basic, nicolae_qazlal_eye_of_the_storm, first_ration
D:3:      layout_rooms
D:4:      layout_cave_pods, minmay_temple_entry_mini_moons, serial_shops, shop,
          uniq_blork_the_orc
D:5:      lemuel_ice_spiral_2, layout_rooms, kennysheep_little_box,
          uniq_menkaure
D:6:      minmay_chambers_of_sixes, layout_loops_ring,
          grunt_temple_overflow_champion_of_chaos, serial_shops, shop
Temple:   eino_wide_crystal_templ

Skill      XL: |  1  2  3  4  5  6  7  8 |
---------------+-------------------------+-----
Fighting       | 1 2 3 4 |  4.5
Dodging        | 3 4 |  4.6
Polearms       | 1 2 3 4 5 |  5.0
Stealth        | 3 |  3.0
Charms         | 1 2 |  2.6
Armour         | 1 |  1.5
Ice Magic      | 4 |  4.5
Shields        | 1 |  1.9
Spellcasting   | 3 |  3.0
Invocations    | 1 2 |  2.0
Conjurations   | |  0.7

Action                   |  1- 3 |  4- 6 |  7- 9 || total
-------------------------+-------+-------+-------++-------
Melee: Whip              |    52 |       |       ||    52
       Spear             |       |   112 |   155 ||   267
Throw: Stone             |       |     3 |       ||     3
 Cast: Freeze            |    40 |    47 |    28 ||   115
       Ozocubu's Armour  |       |     4 |     7 ||    11
  Use: Scroll            |       |       |    10 ||    10
       Potion            |       |       |     1 ||     1
 Stab: Sleeping          |     5 |     3 |       ||     8
  Eat: Ration            |     1 |     3 |     2 ||     6
       Chunk             |       |       |     1 ||     1
Armor: Robe              |    18 |    39 |     1 ||    58
       Leather armour    |       |       |    24 ||    24
Dodge: Dodged            |    69 |   107 |    76 ||   252
Block: Other             |       |    18 |     4 ||    22
       Buckler           |       |       |    45 ||    45
       Reflection        |       |       |     1 ||     1
